 Dungeon Crawl Stone Soup version 0.27.1-35-g4d5d836560 (webtiles) character file.

Game seed: 1559882093654109501

45 ImHallYall the Grave Robber (level 3, -2/27 HPs)
             Began as a Ghoul Necromancer on Apr 7, 2022.
             Slain by an orc (3 damage)
             ... on level 3 of the Dungeon.
             The game lasted 00:05:32 (2485 turns).

ImHallYall the Grave Robber (Ghoul Necromancer)     Turns: 2485, Time: 00:05:34

Health: -2/27      AC:  6    Str: 12    XL:     3   Next: 64%
Magic:  5/5        EV: 10    Int: 10    God:
Gold:   99         SH:  0    Dex:  9    Spells: 5/6 levels left

rFire    . . .     SeeInvis .   k - +0 short sword
rCold    + . .     Faith    .   (no shield)
rNeg     + + +     Spirit   .   d - +0 ring mail
rPois    ∞         Reflect  .   e - +1 hat
rElec    .         Harm     .   (no cloak)
rCorr    +         Rampage  .   (no gloves)
Will     .....                  (no boots)
Stlth    +.........             (no amulet)
HPRegen  0.00/turn              b - ring of resist corrosion
MPRegen  0.09/turn              (no ring)

@: inhibited regen, studying Summonings
A: claws 1, cold resistance 1, negative energy resistance 3, inhibited
regeneration, torment resistance 2
a: no special abilities


You were on level 3 of the Dungeon.
You visited 1 branch of the dungeon, and saw 3 of its levels.

You collected 99 gold pieces.

Inventory:

Hand Weapons
 k - a +0 short sword (weapon)
Missiles
 f - 20 bolts
 g - 13 poisoned darts
 l - 14 arrows
Armour
 a - a +0 robe
 d - a +0 ring mail (worn)
 e - a +1 hat (worn)
Jewellery
 b - a ring of resist corrosion (left claw)
Scrolls
 h - 3 scrolls of teleportation {unknown}
 j - a scroll of immolation {unknown}
Potions
 c - 2 potions of ambrosia {unknown}
 i - a potion of might {unknown}


   Skills:
 + Level 0.4 Fighting
 + Level 0.3 Armour
 + Level 2.0 Dodging
 + Level 2.4 Stealth
 + Level 1.2 Unarmed Combat
 + Level 2.1 Spellcasting
 + Level 4.4 Necromancy


You had 5 spell levels left.
You knew the following spells:

 Your Spells              Type           Power      Damage    Failure   Level
a - Pain                  Necr           36%        1d5       12%         1

Your spell library contained the following spells:

 Spells                   Type           Power      Damage    Failure   Level
 Animate Skeleton         Necr           18%        N/A       12%         1
 Vampiric Draining        Necr           4%         2d6       34%         3
 Animate Dead             Necr           4%         N/A       75%         4
 Agony                    Necr           9%         N/A       97%         5
 Beastly Appendage        Tmut           Unusable   N/A       N/A         1
 Wereblood                Tmut           Unusable   N/A       N/A         2
 Spider Form              Tmut/Pois      Unusable   N/A       N/A         3

Dungeon Overview and Level Annotations

Branches:
Dungeon (3/15)

Altars:


Innate Abilities, Weirdness & Mutations

You thrive by killing the living.
You are immune to poison.
You have sharp fingernails.
Your flesh is cold resistant. (rC+)
You are immune to negative energy. (rN+++)
You do not regenerate when monsters are visible.
You are immune to unholy pain and torment.


Message History

The orc hits you with a +0 hand axe. The orc misses you.
The adder bites you but does no damage.
You closely miss the orc.
The orc is moderately wounded.
The adder barely misses you.
The orc priest calls upon Beogh to heal the orc.
The orc's wounds heal themselves!
The orc hits you with a +0 hand axe. x2
The adder bites you but does no damage. x2
You miss the adder.
The adder is lightly wounded.
The adder bites you. The adder closely misses you.
The orc priest casts a cantrip, but nothing happens.
The orc hits you but does no damage. The orc barely misses you.
You hit the orc.
The orc is lightly wounded.
The adder barely misses you. x2; The orc barely misses you.
The orc hits you with a +0 hand axe. The adder bites you but does no damage.
The adder bites you.
You closely miss the adder. Your claw misses the adder.
The adder is lightly wounded.
The orc hits you but does no damage. x2
The adder bites you but does no damage. x2
You hit the orc.
The orc is heavily wounded.
The adder closely misses you. x2; The orc hits you but does no damage.
The orc closely misses you. The adder bites you.
The adder bites you but does no damage.
You barely miss the adder.
The adder is lightly wounded.
The orc barely misses you. x2; The adder bites you but does no damage.
The adder barely misses you. The orc barely misses you.
The orc hits you with a +0 hand axe.
* * * LOW HITPOINT WARNING * * *
Your ring mail prevents you from hitting the orc.
The orc is heavily wounded.
The adder bites you.
* * * LOW HITPOINT WARNING * * *
The adder bites you but does no damage. x2
The orc hits you with a +0 hand axe.
You die...

####
##....#########.#
#.....S@oo......#
#......Soo.......
#..#####o#.......
# #.#.#...#.
#.#.o.....
#.#oo.....
..#.......
..#.#...#.


You could see an orc priest, 2 adders and 4 orcs.

Vanquished Creatures
  A worm (D:2)
  A dart slug (D:2)
  6 endoplasms
  2 giant cockroaches
  A goblin (D:1)
  4 hobgoblins
  5 jackals
  2 quokkas
  A ball python (D:1)
  2 bats (D:1)
  5 frilled lizards
  A kobold (D:2)
  6 rats
37 creatures vanquished.

Notes
Turn   | Place    | Note
-------+----------+-------------------------------------------
     0 | D:1      | ImHallYall the Ghoul Necromancer began the quest for the
                  | Orb.
     0 | D:1      | Reached XP level 1. HP: 14/14 MP: 2/2
   347 | D:1      | Reached XP level 2. HP: 14/20 MP: 3/3
   819 | D:1      | You fall into a shaft and drop 1 floor!
  1251 | D:2      | Reached skill level 1 in Unarmed Combat
  1251 | D:2      | Reached XP level 3. HP: 25/26 MP: 1/5
  2485 | D:3      | HP: 1/27 [adder (4)]
  2485 | D:3      | Slain by an orc

Illustrated notes

Levels and vault maps discovered:
D:1:      dpeg_arrival_radiant, layout_rooms
D:2:      layout_loops_ring, minmay_pentomino_t4
D:3:      cheibrodos_pilgrimage, layout_loops_ring, lemuel_tele_altar,
          shapermc_ecumenical_altar_venn, st_stairs_7

Skill      XL: |  1  2  3 |
---------------+----------+-----
Spellcasting   | 2 |  2.1
Unarmed Combat | 1 |  1.2
Dodging        | 2 |  2.0
Fighting       | |  0.4
Armour         | |  0.3
Stealth        | |  2.4
Necromancy     | |  4.4

Action                   || total
-------------------------++-------
Melee: Unarmed           ||    42
       Short sword       ||    94
 Cast: Pain              ||    20
Armor: Robe              ||     3
       Ring mail         ||    55
Dodge: Dodged            ||   105
